 Dungeon Crawl Stone Soup version 0.29.1-1-gd02db6906a (webtiles) character file.

Game seed: 6120656368382714979

10851 MisterFreud the Cruncher (level 12, -10/90 (91) HPs)
             Began as a Formicid Gladiator on Oct 11, 2022.
             Was an Initiate of Yredelemnul.
             Mangled by a sixfirhy (12 damage)
             ... summoned by a kobold demonologist
             ... on level 11 of the Dungeon.
             The game lasted 00:16:37 (12729 turns).

MisterFreud the Cruncher (Formicid Gladiator)      Turns: 12729, Time: 00:16:38

HP:   -10/90 (91)   AC: 11    Str: 22    XL:     12   Next: 0%
MP:   12/12         EV: 16    Int:  8    God:    Yredelemnul [......]
Gold: 469           SH:  0    Dex: 17    Spells: 11/11 levels left

rFire   . . .      SeeInvis +   a - +2 quarterstaff (venom)
rCold   . . .      Faith    .   (no shield)
rNeg    . . .      Spirit   .   G - +0 swamp dragon scales
rPois   +          Reflect  .   (helmet unavailable)
rElec   .          Harm     .   o - scarf {repulsion}
rCorr   .          Rampage  .   A - +0 pair of gloves
Will    ++...                   (no boots)
Stlth   +.........              (no amulet)
HPRegen 0.25/turn               h - +4 ring of evasion
MPRegen 0.13/turn               F - ring of willpower

@: lightly drained, repel missiles
A: permanent stasis, dig shafts and tunnels, antennae 3, four strong arms
a: Dig, Shaft Self, Renounce Religion, Recall Undead Harvest


You were on level 11 of the Dungeon.
You worshipped Yredelemnul.
Yredelemnul was noncommittal.
You visited 2 branches of the dungeon, and saw 12 of its levels.

You collected 740 gold pieces.
You spent 271 gold pieces at shops.

Inventory:

Hand Weapons
 a - a +2 quarterstaff of venom (weapon)
 b - the +10 sling of Mayhem {venom, Drain rF++ Int+4 SInv}
   (You found it on level 7 of the Dungeon)

   Any ammunition fired from it poisons the flesh of those it strikes.
   Int:       It affects your intelligence (+4).
   rF:        It greatly protects you from fire.
   SInv:      It lets you see invisible.
   Drain:     It drains your maximum health when unequipped.
 J - a +4 scimitar of flaming
Missiles
 c - 5 throwing nets
 d - 6 javelins (quivered)
 f - 51 poisoned darts
 m - 6 atropa-tipped darts
 y - 3 boomerangs
 C - 4 curare-tipped darts
Armour
 o - a scarf of repulsion (worn)
 t - a +0 chain mail
 w - a +0 cloak
 A - a +0 pair of gloves (worn)
 G - +0 swamp dragon scales (worn)
Jewellery
 h - a +4 ring of evasion (left hand)
 i - an amulet of magic regeneration
 E - a +6 ring of dexterity
 F - a ring of willpower (right hand)
Wands
 x - a wand of mindburst (13)
 I - a wand of acid (8)
 K - a wand of flame (4)
 M - a wand of polymorph (5)
Scrolls
 j - a scroll of brand weapon
 k - 3 scrolls of summoning
 n - 4 scrolls of fear
 p - 4 scrolls of fog
 r - 6 scrolls of magic mapping
 u - 3 scrolls of identify
 H - a scroll of enchant armour
Potions
 e - 6 potions of haste
 g - 2 potions of degeneration
 l - a potion of brilliance
 q - a potion of mutation
 s - 2 potions of attraction
 v - a potion of lignification
 z - 2 potions of curing
 B - 3 potions of flight
Miscellaneous
 D - a box of beasts
 L - a lightning rod (4/4)


   Skills:
 + Level 7.2 Fighting
 - Level 10.0 Staves
 - Level 6.0 Ranged Weapons
 - Level 2.0 Throwing
 - Level 10.0 Armour
 - Level 2.6 Dodging
 - Level 10.0 Evocations


You had 11 spell levels left.
You didn't know any spells.
Your spell library contained the following spells:

 Spells                   Type           Power      Damage    Failure   Level
 Beastly Appendage        Tmut           0%         N/A       54%         1
 Sandblast                Erth           0%         2d4       54%         1
 Shock                    Conj/Air       0%         1d3       54%         1
 Slow                     Hex            0%         N/A       54%         1
 Passwall                 Tmut/Erth      0%         N/A       67%         2
 Wereblood                Tmut           0%         N/A       67%         2
 Confusing Touch          Hex            0%         N/A       88%         3
 Inner Flame              Hex/Fire       0%         N/A       88%         3
 Portal Projectile        Hex/Tloc       0%         N/A       88%         3
 Spider Form              Tmut/Pois      0%         N/A       88%         3
 Stone Arrow              Conj/Erth      0%         3d7       88%         3
 Tukima's Dance           Hex            0%         N/A       88%         3
 Vampiric Draining        Necr           0%         2d6       88%         3
 Airstrike                Air            0%         2d(0-16)  99%         4
 Cause Fear               Hex            0%         N/A       99%         4
 Hailstorm                Conj/Ice       0%         3d3       99%         4
 Ice Form                 Ice/Tmut       0%         N/A       99%         4
 Blade Hands              Tmut           0%         N/A       100%        5
 Discord                  Hex            0%         N/A       100%        8
 Swiftness                Air            Unusable   N/A       N/A         3
 Simulacrum               Ice/Necr       Unusable   N/A       N/A         6

Dungeon Overview and Level Annotations

Branches:
Dungeon (11/15)            Temple (1/1) D:4            Lair (0/5) D:8
    Orc: D:9-12

Altars:
Ashenzari
Cheibriados
Dithmenos
Elyvilon
Fedhas
Gozag
Hepliaklqana
Kikubaaqudgha
Makhleb
Nemelex Xobeh
Okawaru
Qazlal
Ru
Sif Muna
Trog
Uskayaw
Vehumet
Wu Jian
Xom
Yredelemnul
Zin
The Shining One

Shops:
D:3 ?   D:5 ?[   D:8 :   D:11 =

Annotations:
D:9 1 exclusion


Innate Abilities, Weirdness & Mutations

You cannot be hasted, slowed, berserked, paralysed or teleported.
You can dig through walls and to a lower floor.
You have a pair of large antennae on your head. (SInv)
Your four strong arms can wield two-handed weapons with a shield.


Message History

The orc warrior hits you with a +0 battleaxe!
Unknown command.
You closely miss the kobold demonologist.
The kobold demonologist is severely wounded.
The ufetubus barely misses you. The ufetubus closely misses you.
The ufetubus barely misses you. The ufetubus misses you.
The kobold demonologist hits you with a +0 dagger.
The kobold closely misses you. The orc warrior barely misses you.
The ufetubus hits you but does no damage. x2
You barely miss the kobold demonologist.
The kobold demonologist is almost dead.
The ufetubus closely misses you. The ufetubus barely misses you.
The ufetubus misses you.
The ufetubus hits you but does no damage.
The kobold demonologist hits you but does no damage.
The kobold misses you.
An orc wizard comes into view. It is wielding a +0 dagger.
The orc warrior hits you with a +0 battleaxe!
The orc wizard shouts!
Unknown command.
Unknown command.
Are you sure you want to shaft yourself?
You hear a shout!
The sixfirhy hits you but does no damage.
The sixfirhy completely misses you. The ufetubus completely misses you.
The ufetubus closely misses you. The sixfirhy hits you.
* * * LOW HITPOINT WARNING * * *
The sixfirhy shocks you!
* * * LOW HITPOINT WARNING * * *
The kobold completely misses you.
The kobold demonologist hits you but does no damage.
The orc warrior hits you with a +0 battleaxe!
* * * LOW HITPOINT WARNING * * *
You hear a shout!
You begin to dig a shaft.
You continue digging a shaft.
The sixfirhy barely misses you. The sixfirhy hits you.
* * * LOW HITPOINT WARNING * * *
The sixfirhy shocks you!
You die...
Your body rises from the dead as a mindless zombie.

#.# ##.#### #.#
#....# ..# ####.#
.## #.### .
#...#### ###....#
#.....## {{
##5##.(.#{{
{.)###K@o..#{..#
#..KK53K###{..#
....KKK5.o.......
....K.......###.#.#
###.#######... ...#
#. .### #.? . # ##
.


You could see 2 kobold demonologists, a sixfirhy (summoned), an orc warrior, 2
kobold brigands, an orc wizard, a quasit (summoned), 2 ufetubi and 4 kobolds.

Vanquished Creatures
  Gastronok (D:8)
  Erolcha (D:10)
  Erica (D:8)
  2 two-headed ogres
  Pikel (D:6)
  2 cyclopes
  Maggie (D:8)
  Prince Ribbit (D:8)
  2 trolls
  Sigmund (D:4)
  A wyvern (D:9)
  5 yaks
  2 steam dragons
  An acid dragon (D:8)
  A water moccasin (D:7)
  3 black bears
  3 centaurs
  An ogre (D:4)
  2 phantoms
  3 kobold brigands
  A gnoll sergeant (D:5)
  3 necrophages
  2 scorpions
  5 wights
  3 killer bees (D:9)
  6 howler monkeys
  3 hounds
  8 orc priests
  4 jellies
  Terence (D:3)
  3 iguanas (D:6)
  Natasha (D:3)
  10 orc wizards
  5 gnolls
  10 adders
  A worm (D:2)
  3 dart slugs
  31 orcs
  5 bats
  6 endoplasms
  3 giant cockroaches
  12 goblins
  18 hobgoblins
  11 jackals
  6 quokkas
  10 ball pythons
  7 frilled lizards
  16 kobolds
  9 rats
238 creatures vanquished.

Vanquished Creatures (collateral kills)
  A kobold demonologist (D:10)
  3 yaks (D:10)
  A kobold brigand (D:10)
  A howler monkey (D:10)
  3 orcs
  2 kobolds (D:10)
11 creatures vanquished.

Vanquished Creatures (others)
  A centaur zombie (D:10)
  A killer bee zombie (D:9)
  A howler monkey zombie (D:9)
  A fungus (D:1)
  A plant (D:1)
5 creatures vanquished.

Grand Total: 254 creatures vanquished

Notes
Turn   | Place    | Note
-------+----------+-------------------------------------------
     0 | D:1      | MisterFreud the Formicid Gladiator began the quest for the
                  | Orb.
     0 | D:1      | Reached XP level 1. HP: 16/16 MP: 1/1
   157 | D:1      | Reached XP level 2. HP: 9/22 MP: 2/2
   455 | D:1      | Found a faded altar of an unknown god.
   486 | D:1      | You fall into a shaft and drop 1 floor!
   500 | D:2      | Reached XP level 3. HP: 22/27 MP: 3/3
  1407 | D:2      | Reached XP level 4. HP: 15/33 MP: 4/4
  2069 | D:2      | Reached skill level 5 in Staves
  2570 | D:3      | Found Weoqarebb's Magic Scroll Shop.
  2581 | D:3      | Bought a scroll of brand weapon for 133 gold pieces
  2581 | D:3      | Bought a scroll of fear for 56 gold pieces
  2663 | D:3      | Noticed Terence
  2674 | D:3      | Killed Terence
  2675 | D:3      | Reached XP level 5. HP: 19/38 MP: 5/5
  3119 | D:3      | Identified the +0 leather armour "Owyfoaczu" {Dex+4}
  3267 | D:3      | Noticed Natasha
  3273 | D:3      | Killed Natasha
  3378 | D:4      | Reached skill level 1 in Armour
  3378 | D:4      | Reached XP level 6. HP: 24/46 MP: 6/6
  3382 | D:4      | You fall into a shaft and drop 1 floor!
  3382 | D:5      | Entered Level 5 of the Dungeon
  3673 | D:5      | HP: 2/40 [acid (6)]
  3943 | D:5      | Found an opulent altar of Gozag.
  3971 | D:5      | Found Laigan's Magic Scroll Boutique.
  3985 | D:5      | Bought a scroll of enchant weapon for 82 gold pieces
  4542 | D:4      | You fall into a shaft and drop 2 floors!
  4762 | D:7      | Reached XP level 7. HP: 45/52 MP: 7/7
  5002 | D:6      | Reached skill level 5 in Armour
  5028 | D:6      | Noticed Pikel
  5035 | D:6      | Reached skill level 5 in Fighting
  5035 | D:6      | Reached XP level 8. HP: 59/62 MP: 8/8
  5041 | D:6      | Killed Pikel
  5336 | D:5      | Found Lavoetid's Antique Armour Emporium.
  5583 | D:4      | Found a staircase to the Ecumenical Temple.
  5601 | D:4      | Reached XP level 9. HP: 62/68 MP: 9/9
  5619 | Temple   | Entered the Ecumenical Temple
  6174 | D:4      | Found a glowing golden altar of the Shining One.
  6276 | D:4      | Noticed Sigmund
  6285 | D:4      | Killed Sigmund
  6286 | D:4      | Reached skill level 10 in Staves
  6851 | D:6      | Found a bloodstained altar of Trog.
  7124 | D:7      | Found a glowing silver altar of Zin.
  7143 | D:7      | Reached skill level 5 in Evocations
  7149 | D:7      | You fall into a shaft and drop 2 floors!
  7682 | D:7      | Identified the +10 sling of Mayhem {venom, Drain rF++ Int+4
                  | SInv}
  7954 | D:7      | Found an ornate altar of the Wu Jian Council.
  8120 | D:7      | Reached skill level 1 in Ranged Weapons
  8120 | D:7      | Reached XP level 10. HP: 55/74 MP: 10/10
  8321 | D:8      | Noticed Maggie
  8343 | D:8      | Killed Maggie
  8443 | D:8      | Noticed a two-headed ogre
  8456 | D:8      | You fall into a shaft and drop 2 floors!
  8456 | D:10     | Entered Level 10 of the Dungeon
  8877 | D:9      | Noticed a two-headed ogre
  8884 | D:9      | Killed a two-headed ogre
  9057 | D:8      | Noticed Prince Ribbit
  9071 | D:8      | Killed Prince Ribbit
  9117 | D:8      | Reached skill level 5 in Ranged Weapons
  9121 | D:8      | Killed a two-headed ogre
  9319 | D:8      | Found a staircase to the Lair.
  9450 | D:8      | Noticed Gastronok
  9467 | D:8      | Killed Gastronok
  9468 | D:8      | Reached XP level 11. HP: 7/79 MP: 11/11
  9803 | D:8      | Noticed Erica
  9807 | D:8      | Killed Erica
  9849 | D:8      | Noticed a cyclops
  9850 | D:8      | Found Ekhu's Vocational Training.
  9869 | D:8      | Killed a cyclops
 10070 | D:9      | Found a basalt altar of Yredelemnul.
 10117 | D:9      | Became a worshipper of Yredelemnul the Dark
 10425 | D:9      | Found a stormy altar of Qazlal.
 10491 | D:9      | Found a shimmering blue altar of Sif Muna.
 10521 | D:9      | Found a white marble altar of Elyvilon.
 10561 | D:9      | Reached * piety under Yredelemnul
 10653 | D:9      | Found a broken altar of Ashenzari.
 10903 | D:9      | Reached skill level 10 in Evocations
 10906 | D:9      | Reached ** piety under Yredelemnul
 11348 | D:10     | Found a radiant altar of Vehumet.
 11561 | D:10     | Noticed Erolcha
 11571 | D:10     | Killed Erolcha
 11572 | D:10     | Reached skill level 10 in Armour
 12265 | D:10     | Reached *** piety under Yredelemnul
 12566 | D:10     | Reached **** piety under Yredelemnul
 12679 | D:11     | Found Naerit's Jewellery Shop.
 12699 | D:11     | Noticed a cyclops
 12715 | D:11     | Noticed a sixfirhy
 12719 | D:11     | Killed a cyclops
 12720 | D:11     | Reached XP level 12. HP: 54/90 MP: 12/12
 12729 | D:11     | HP: 2/90 [sixfirhy[a kobold demonologist] (5)]
 12729 | D:11     | Mangled by a sixfirhy

Illustrated notes

Levels and vault maps discovered:
D:1:      scummos_arrival_forest, layout_loops_ring,
          dreamdust_ecumenical_altar_grove, eino_curves_01,
          kennysheep_decorative_pillar
D:2:      cheibrodos_greedy_goblins, layout_basic, grunt_ministairs_15
D:3:      layout_basic, serial_shops, nicolae_lakefront_shop, minmay_quantized,
          uniq_terence, uniq_natasha
D:4:      minmay_recursive_quarters, layout_rooms, mainiacjoe_overflow_catwalk,
          minmay_temple_entry_stoned_glass, grunt_decor_mini_mirrors,
          minmay_between, uniq_sigmund
D:5:      layout_basic, nicolae_gozag_seed_capital, serial_shops, shop, shop
D:6:      layout_rooms, kennysheep_mini_moat, uniq_pikel
D:7:      layout_basic, nicolae_wu_jian_glorious_leap, minmay_ruined_shrine
D:8:      layout_loops_cross, lair_entry_dummy, nicolae_shop_vocational,
          uniq_maggie, uniq_erica, uniq_prince_ribbit1, uniq_gastronok
D:9:      layout_grid_maze, mainiacjoe_overflow_small_starburst,
          mainiacjoe_overflow_paths, led_sif_book, lemuel_tele_altar,
          mainiacjoe_overflow_concentric_impassable
D:10:     layout_stronghold, vehumet_altar_wand_db, uniq_erolcha
D:11:     layout_rooms, serial_shops, shop, uniq_sonja
Temple:   hc_temple_tempest_star

Skill      XL: |  1  2  3  4  5  6  7  8  9 10 11 |
---------------+----------------------------------+-----
Staves         | 4 5 6 8 10 | 10.0
Armour         | 1 3 5 7 10 | 10.0
Fighting       | 3 5 7 |  7.2
Evocations     | 6 8 10 | 10.0
Ranged Weapons | 1 6 |  6.0
Throwing       | |  2.0
Dodging        | |  2.6

Action                   |  1- 3 |  4- 6 |  7- 9 | 10-12 || total
-------------------------+-------+-------+-------+-------++-------
Melee: Quarterstaff      |   127 |   180 |   242 |   254 ||   803
       Punch             |       |     1 |     6 |     3 ||    10
Throw: Javelin           |       |       |       |     3 ||     3
 Abil: Shaft Self        |       |     2 |     1 |     2 ||     5
       Dig               |       |     1 |       |       ||     1
Evoke: Wand              |       |       |       |    15 ||    15
       Box of beasts     |       |       |       |     1 ||     1
  Use: Scroll            |     5 |     7 |     4 |     3 ||    19
       Potion            |       |     5 |       |       ||     5
 Stab: Sleeping          |       |     1 |       |       ||     1
       Distracted        |       |       |       |     1 ||     1
Armor: Leather armour    |    44 |    17 |       |       ||    61
       Chain mail        |       |    41 |   106 |     7 ||   154
       Swamp dragon scal |       |       |       |    72 ||    72
Dodge: Dodged            |   106 |   140 |   164 |   236 ||   646
       Repelled          |       |       |       |     3 ||     3
